 Dungeon Crawl Stone Soup version 0.24.0-125-gc4c63601f3 (webtiles) character file.

Game seed: 10933595664099195750, levelgen mode: deterministic

33656 Mesmaeker13 the Fighter (level 13, -7/107 HPs)
             Began as a Demonspawn Gladiator on Feb 27, 2020.
             Was an Elder of Qazlal.
             Mangled by an entropy weaver
             ... wielding a +0 spear
              (16 damage)
             ... on level 4 of the Lair of Beasts.
             The game lasted 00:24:59 (14797 turns).

Mesmaeker13 the Fighter (Demonspawn Gladiator)     Turns: 14797, Time: 00:25:00

Health: -7/107     AC:  8    Str: 22    XL:     13   Next: 38%
Magic:  19/19      EV: 18    Int: 11    God:    Qazlal [****..]
Gold:   977        SH: 16    Dex: 16    Spells: 12/12 levels left

rFire    . . .     SeeInvis +   H - +3 scimitar (flame)
rCold    . . .     Gourm    .   U - +0 shield
rNeg     . . .     Faith    .   o - +0 scale mail
rPois    .         Spirit   .   c - +0 helmet
rElec    .         Reflect  .   L - +2 cloak
rCorr    +         Harm     .   u - +0 pair of gloves
MR       +....                  v - +2 pair of boots
Stlth    +.........             C - amulet of regeneration
HPRegen  0.67/turn              z - ring of resist corrosion
MPRegen  0.16/turn              M - ring "Koelidgh" {MR+ SInv}

@: mighty, about to teleport, corroded, very slightly contaminated, invisible,
repel missiles
A: claws 2, repulsion field 2, nightstalker 2, spiny 1
a: Upheaval, Elemental Force, Renounce Religion


You were on level 4 of the Lair of Beasts.
You worshipped Qazlal.
Qazlal was greatly pleased with you.
You were not hungry.

You visited 3 branches of the dungeon, and saw 16 of its levels.

You collected 977 gold pieces.

Inventory:

Hand Weapons
 H - a +3 scimitar of flaming (weapon)
 X - the +2 flail "Widowmaker" {crush, Dex+3, unknown}
   (You found it on level 4 of the Lair of Beasts)

   It inflicts extra damage upon your enemies.
   It affects your dexterity (+3).
Missiles
 r - 7 javelins (quivered)
 P - 7 boomerangs of dispersal
Armour
 c - a +0 helmet (worn)
 o - a +0 scale mail (worn)
 u - a +0 pair of gloves (worn)
 v - a +2 pair of boots (worn)
 L - a +2 cloak (worn)
 T - a +0 chain mail
 U - a +0 shield (worn)
Jewellery
 w - an uncursed ring of protection from cold
 y - an uncursed ring of fire
 z - a ring of resist corrosion (left hand)
 A - a cursed -3 ring of protection {unknown}
 C - an amulet of regeneration (around neck)
 E - an uncursed ring of ice
 M - the ring "Koelidgh" (right hand) {MR+ SInv}
   (You found it on level 10 of the Dungeon)

   [ring of see invisible]

   It affects your resistance to hostile enchantments.
   It lets you see invisible.
Wands
 I - a wand of flame (11)
 W - a wand of random effects (18)
Scrolls
 a - a scroll of noise {unknown}
 e - 3 scrolls of remove curse
 i - 8 scrolls of enchant armour
 k - 3 scrolls of teleportation
 m - 5 scrolls of blinking
 p - 3 scrolls of magic mapping {unknown}
 q - 5 scrolls of fear
 t - 4 scrolls of amnesia
 B - a scroll of fog {unknown}
 D - a scroll of brand weapon {unknown}
 F - a scroll of silence
 J - 3 scrolls of vulnerability
 O - 2 scrolls of summoning {unknown}
 S - a scroll of enchant weapon {unknown}
 V - a scroll of immolation {unknown}
Potions
 b - 2 potions of lignification
 d - 4 potions of haste
 g - 2 potions of might
 h - 2 potions of magic {unknown}
 j - 2 potions of agility {unknown}
 l - a potion of mutation
 n - a potion of resistance {unknown}
 x - 5 potions of curing {unknown}
 K - 3 potions of flight {unknown}
 R - a potion of brilliance {unknown}
Comestibles
 f - 27 rations
 G - 2 chunks of flesh


   Skills:
 + Level 11.9 Fighting
 + Level 11.2 Long Blades
 - Level 1.7 Throwing
 + Level 5.3 Armour
 - Level 10.0 Dodging
 + Level 5.4 Shields
 - Level 9.0 Evocations


You had 12 spell levels left.
You didn't know any spells.
Your spell library contained the following spells:

 Spells                   Type           Power        Failure   Level  Hunger
 Animate Skeleton         Necr           N/A          97%         1    ##.....
 Apportation              Tloc           #.....       97%         1    ##.....
 Confusing Touch          Hex            #.....       97%         1    ##.....
 Infusion                 Chrm           #...         97%         1    ##.....
 Sandblast                Erth           #.....       97%         1    ##.....
 Summon Small Mammal      Summ           #...         97%         1    ##.....
 Passwall                 Tmut/Erth      #.......     99%         2    ###....
 Shroud of Golubria       Chrm/Tloc      #.....       99%         2    ###....
 Song of Slaying          Chrm           #.......     99%         2    ###....
 Ignite Poison            Fire/Tmut/Pois #.......     100%        3    ####...
 Regeneration             Chrm/Necr      #.........   100%        3    ####...
 Spectral Weapon          Hex/Chrm       #.......     100%        3    ####...
 Stone Arrow              Conj/Erth      #.....       100%        3    ####...
 Petrify                  Tmut/Erth      #.......     100%        4    #####..
 Fireball                 Conj/Fire      #.........   100%        5    ######.
 Lee's Rapid Deconstruct  Erth           #.........   100%        5    ######.
 Bolt of Fire             Conj/Fire      #.........   100%        6    #######
 Ring of Flames           Chrm/Fire      #.........   100%        7    #######
 Ignition                 Fire           #.........   100%        8    #######


Dungeon Overview and Level Annotations

Branches:
Dungeon (11/15)            Temple (1/1) D:7            Lair (4/6) D:10
  Swamp (0/4) Lair:3          Orc (0/2) D:10
  Snake: Lair:2-4    Spider: Lair:2-4

Altars:
Ashenzari
Cheibriados
Dithmenos
Elyvilon
Fedhas
Gozag
Hepliaklqana
Kikubaaqudgha
Makhleb
Nemelex Xobeh
Okawaru
Qazlal
Ru
Sif Muna
Trog
Uskayaw
Vehumet
Wu Jian
Xom
Yredelemnul
Zin
The Shining One


Innate Abilities, Weirdness & Mutations

You have very sharp fingernails.
You are surrounded by a moderate repulsion field. (EV +3)
You are significantly more attuned to the shadows.
You are partially covered in sharp spines.


Message History

As you read the scroll of teleportation, it crumbles to dust.
You feel strangely unstable.
The entropy weaver hits you from afar with a +0 spear!
You block the entropy weaver's attack. x2
The entropy weaver hits you from afar with a +0 spear!
The entropy weaver hits you from afar with a +0 spear.
The entropy weaver hits you from afar with a +0 spear!
* * * LOW HITPOINT WARNING * * *
The entropy weaver closely misses you. The entropy weaver barely misses you.
You fade into invisibility!
The entropy weaver hits you from afar with a +0 spear!
* * * LOW HITPOINT WARNING * * *
The entropy weaver hits you from afar with a +0 spear.
* * * LOW HITPOINT WARNING * * *
The entropy weaver misses you.
The entropy weaver hits you from afar with a +0 spear.
* * * LOW HITPOINT WARNING * * *
You block the entropy weaver's attack.
The entropy weaver hits you from afar with a +0 spear!
You die...

#○○.......#
#°#######.#
#.#°○°°°#†#
#.#t###.#.# #÷#§
#.#.# #.#§ #÷#.#
#.#t #a#.# #.#.
#†#.# #.# #@#.# #÷#
#.#÷# ####.#####.#.#
#######.##..(....#.#
P##....°.#########.#
.........'.÷...(.†.#
...####°.###########
≈≈≈≈###..#
≈≈≈≈≈≈##.#


You could see an entropy weaver (invisible).

Vanquished Creatures
  2 entropy weavers (Lair:4)
  2 hydras
  2 ghost crabs (Lair:4)
  Erica (D:8)
  2 two-headed ogres
  A death yak (D:10)
  4 fire crabs (Lair:4)
  4 molten gargoyles (D:11)
  Joseph (Lair:1)
  2 black mambas
  Psyche (D:11)
  8 spiny frogs
  10 elephants
  5 komodo dragons
  A queen bee (Lair:2)
  2 trolls (D:9)
  A hornet (D:11)
  Grinder (D:5)
  8 hippogriffs
  3 blink frogs (Lair:1)
  A tyrant leech (Lair:3)
  A wraith (D:10)
  A vampire (D:11)
  Eustachio (D:6)
  2 basilisks (D:10)
  9 yaks
  Menkaure (D:6)
  A hungry ghost (D:8)
  2 swamp worms (Lair:3)
  6 water moccasins
  4 porcupines
  Duvessa (D:4)
  11 orc warriors
  A black bear (D:6)
  2 sky beasts
  3 ice beasts
  2 phantoms (D:7)
  3 wolves (Lair:3)
  2 necrophages
  An eye of draining (D:10)
  4 ogres
  9 centaurs
  12 crocodiles
  A big kobold (D:9)
  10 bullfrogs
  Blork the orc (D:6)
  8 scorpions
  A wyvern skeleton (D:11)
  Dowan (D:4)
  23 killer bees
  4 wights (D:8)
  2 howler monkeys
  4 crimson imps
  A quasit (D:7)
  A bullfrog zombie (D:8)
  3 jellies
  6 orc priests
  9 hounds
  10 orc wizards
  2 gnoll shamans
  Crazy Yiuf (D:6)
  A bullfrog skeleton (D:5)
  3 iguanas
  4 worker ants
  A hound zombie (D:7)
  A hound skeleton (D:11)
  2 worker ant zombies
  10 adders
  9 gnolls
  2 adder skeletons
  A worm (D:3)
  3 dart slugs
  6 leopard geckos
  49 orcs
  7 bats
  4 giant cockroaches
  4 goblins
  11 hobgoblins
  14 jackals
  A quokka (D:4)
  2 ball pythons
  8 frilled lizards
  17 kobolds
  A leopard gecko skeleton (D:7)
  2 quokka skeletons (D:6)
  A quokka zombie (D:9)
  10 rats
403 creatures vanquished.

Vanquished Creatures (others)
  10 fungi
10 creatures vanquished.

Grand Total: 413 creatures vanquished

Notes
Turn   | Place    | Note
-------+----------+-------------------------------------------
     0 | D:1      | Mesmaeker13 the Demonspawn Gladiator began the quest for
                  | the Orb.
     0 | D:1      | Reached XP level 1. HP: 16/16 MP: 1/1
   307 | D:1      | Gained mutation: You are surrounded by a mild repulsion
                  | field. (EV +2) [demonic ancestry]
   307 | D:1      | Reached XP level 2. HP: 22/22 MP: 2/2
   851 | D:2      | Gained mutation: You are partially covered in sharp spines.
                  | [demonic ancestry]
   851 | D:2      | Reached XP level 3. HP: 26/28 MP: 3/3
  1368 | D:3      | Reached XP level 4. HP: 33/35 MP: 4/4
  1756 | D:3      | Found a sparkling altar of Nemelex Xobeh.
  1756 | D:3      | Found an ancient bone altar of Kikubaaqudgha.
  1913 | D:3      | Reached XP level 5. HP: 27/41 MP: 5/5
  2185 | D:4      | Noticed an ogre
  2193 | D:4      | Killed an ogre
  2276 | D:4      | Gained mutation: You are slightly more attuned to the
                  | shadows. [demonic ancestry]
  2276 | D:4      | Reached XP level 6. HP: 48/48 MP: 6/6
  2664 | D:4      | Noticed Dowan
  2666 | D:4      | Noticed Duvessa
  2674 | D:4      | Killed Dowan
  2684 | D:4      | Killed Duvessa
  2684 | D:4      | Reached skill level 1 in Evocations
  2684 | D:4      | Gained mutation: You have sharp fingernails. [demonic
                  | ancestry]
  2684 | D:4      | Reached XP level 7. HP: 51/55 MP: 6/8
  2842 | D:5      | Entered Level 5 of the Dungeon
  3007 | D:5      | Reached skill level 5 in Fighting
  3007 | D:5      | Reached skill level 5 in Long Blades
  3007 | D:5      | Reached skill level 5 in Dodging
  3352 | D:5      | Noticed Grinder
  3378 | D:5      | Paralysed by Grinder for 3 turns
  3383 | D:5      | Killed Grinder
  3383 | D:5      | Reached XP level 8. HP: 33/63 MP: 8/10
  3855 | D:6      | Noticed Blork the orc
  3860 | D:6      | Noticed Eustachio
  3863 | D:6      | Killed Blork the orc
  4073 | D:6      | Killed Eustachio
  4083 | D:6      | Noticed Menkaure
  4097 | D:6      | Killed Menkaure
  4401 | D:6      | Gained mutation: You are significantly more attuned to the
                  | shadows. [demonic ancestry]
  4401 | D:6      | Reached XP level 9. HP: 23/71 MP: 12/12
  4762 | D:6      | Found a runed translucent door.
  4764 | D:6      | Noticed Crazy Yiuf
  4771 | D:6      | Killed Crazy Yiuf
  5617 | D:7      | Reached skill level 5 in Evocations
  6070 | D:7      | Found a staircase to the Ecumenical Temple.
  6083 | Temple   | Entered the Ecumenical Temple
  6206 | Temple   | Became a worshipper of Qazlal Stormbringer
  6326 | D:8      | Found a shimmering altar of Xom.
  6556 | D:8      | Noticed Erica
  6559 | D:8      | Killed Erica
  6559 | D:8      | Reached XP level 10. HP: 80/80 MP: 14/14
  6993 | D:8      | Reached * piety under Qazlal
  7488 | D:9      | Found an iron altar of Okawaru.
  7558 | D:9      | Found a hide-covered altar of Uskayaw.
  7565 | D:9      | Found a shattered altar of Ashenzari.
  8264 | D:10     | Entered Level 10 of the Dungeon
  8264 | D:10     | Found a staircase to the Orcish Mines.
  8499 | D:10     | Got a wavering bronze ring
  8518 | D:10     | Identified the ring "Koelidgh" {MR+ SInv} (You found it on
                  | level 10 of the Dungeon)
  8734 | D:10     | Reached ** piety under Qazlal
  8940 | D:10     | Noticed a two-headed ogre
  8949 | D:10     | Killed a two-headed ogre
  8983 | D:10     | Found a staircase to the Lair.
  8985 | D:10     | Noticed a death yak
  9155 | D:10     | Reached XP level 11. HP: 89/89 MP: 16/16
  9165 | D:10     | Killed a death yak
  9931 | D:11     | Noticed Psyche
  9933 | D:11     | Noticed a two-headed ogre
  9933 | D:11     | Paralysed by Psyche for 4 turns
  9940 | D:11     | Killed Psyche
  9959 | D:11     | Killed a two-headed ogre
 10421 | D:11     | Noticed a four-headed hydra
 10428 | D:11     | Killed a one-headed hydra
 10428 | D:11     | Reached skill level 10 in Fighting
 10741 | D:11     | Reached *** piety under Qazlal
 10989 | Lair:1   | Entered Level 1 of the Lair of Beasts
 11207 | Lair:1   | Noticed Joseph
 11223 | Lair:1   | Killed Joseph
 11294 | Lair:1   | Gained mutation: You are surrounded by a moderate repulsion
                  | field. (EV +3) [demonic ancestry]
 11294 | Lair:1   | Reached XP level 12. HP: 81/98 MP: 18/18
 12184 | Lair:2   | Reached skill level 10 in Long Blades
 12184 | Lair:2   | Reached skill level 10 in Dodging
 12185 | Lair:2   | Reached skill level 1 in Shields
 12189 | Lair:2   | Reached skill level 1 in Armour
 12984 | Lair:3   | Reached **** piety under Qazlal
 13447 | Lair:3   | Noticed a four-headed hydra
 13454 | Lair:3   | Killed a one-headed hydra
 13929 | Lair:3   | Found a staircase to the Swamp.
 14044 | Lair:3   | Gained mutation: You have very sharp fingernails. [demonic
                  | ancestry]
 14044 | Lair:3   | Reached XP level 13. HP: 96/106 MP: 19/19
 14174 | Lair:4   | Got a fine flail
 14571 | Lair:4   | Found a runed translucent door.
 14599 | Lair:4   | Noticed an entropy weaver
 14609 | Lair:4   | Killed an entropy weaver
 14627 | Lair:4   | Reached skill level 5 in Shields
 14653 | Lair:4   | Reached skill level 5 in Armour
 14687 | Lair:4   | Noticed an entropy weaver
 14704 | Lair:4   | Killed an entropy weaver
 14785 | Lair:4   | Noticed an entropy weaver
 14797 | Lair:4   | Mangled by an entropy weaver

Levels and vault maps discovered:
D:1:      denvon_arrival_waterhouse, layout_basic, nrook_campfire,
          kennysheep_nondescript, minmay_3d_cube
D:2:      layout_rooms
D:3:      layout_rooms, gammafunk_temple_overflow_elements, minivault_24
D:4:      layout_cave_pools, chequers_serial_rivers_small_3, uniq_duvessa
D:5:      layout_rooms, first_ration, uniq_grinder
D:6:      layout_rooms, uniq_blork_the_orc, uniq_eustachio, uniq_menkaure,
          uniq_crazy_yiuf_cottage
D:7:      layout_rooms, minmay_temple_entry_statues
D:8:      layout_basic, lemuel_crystal_altar, uniq_erica
D:9:      layout_grid_maze, ashenzari_altar_1, kennysheep_little_box,
          lemuel_round_altar
D:10:     wad_crossroads, layout_small_grid, david_lair_generic, special_room
          [special_room_orc]
D:11:     layout_roguey, minivault_8, uniq_psyche
Temple:   eino_temple_scatter_basement
Lair:1:   layout_roguey, uniq_joseph
Lair:2:   layout_misc_corridors, special_room [special_room_bee]
Lair:3:   layout_cave_pods, minmay_swamp_entry_worms, beast_lair_carwin_9
Lair:4:   gammafunk_mikee_crab_dinner, layout_loops_ring,
          nicolae_spider_entry_non_spiders, chequers_serial_rivers_small_3,
          grunt_forest_stairs_basic

Skill      XL: |  1  2  3  4  5  6  7  8  9 10 11 12 13 |
---------------+----------------------------------------+-----
Long Blades    | 3 4 5 6 7 8 9 10 11 | 11.2
Dodging        | 3 4 5 6 7 8 9 10 | 10.0
Fighting       | 3 4 5 6 7 9 10 11 | 11.9
Evocations     | 1 3 4 6 7 8 9 |  9.0
Shields        | 4 5 |  5.4
Armour         | 4 5 |  5.3
Throwing       | |  1.7

Action                   |  1- 3 |  4- 6 |  7- 9 | 10-12 | 13-15 || total
-------------------------+-------+-------+-------+-------+-------++-------
Melee: Long sword        |    97 |    51 |       |       |       ||   148
       Falchion          |       |    48 |   233 |     4 |       ||   285
       Scimitar          |       |       |       |   610 |   102 ||   712
Throw: Throwing net      |     1 |     2 |       |     1 |       ||     4
       Javelin           |       |     7 |    14 |     6 |       ||    27
Invok: Upheaval          |       |       |       |     2 |       ||     2
Evoke: Wand              |       |       |    14 |     8 |    12 ||    34
       Sack of spiders   |       |       |       |     1 |       ||     1
  Use: Scroll            |       |     5 |    10 |    11 |     2 ||    28
       Potion            |       |       |       |     1 |     5 ||     6
 Stab: Held in net/web   |       |     1 |       |     2 |       ||     3
       Sleeping          |       |       |     3 |     1 |       ||     4
       Invisible         |       |       |       |     1 |       ||     1
  Eat: Chunk             |     2 |     4 |     6 |    24 |       ||    36
       Ration            |       |       |     2 |       |     2 ||     4
Armor: Leather armour    |    27 |     1 |       |       |       ||    28
       Scale mail        |       |    39 |    93 |   155 |    26 ||   313
       Skin              |       |       |       |       |    14 ||    14
Dodge: Dodged            |    99 |    63 |   152 |   351 |    42 ||   707
Block: Other             |       |       |       |    24 |       ||    24
       Shield            |       |       |       |   154 |    96 ||   250
       Rpst.: Long sword |    38 |    11 |       |       |       ||    49
       Falchion          |       |    10 |    35 |     1 |       ||    46
       Scimitar          |       |       |       |   102 |     7 ||   109
